 Dungeon Crawl Stone Soup version 0.26.0-10-g1f06aea511 (webtiles) character file.

Game seed: 10739351725916747696

405 Borgoz the Slasher (level 6, -1/52 HPs)
             Began as a Ghoul Gladiator on Jan 15, 2021.
             Was an Initiate of Okawaru.
             Splashed by Ijyb's acid (12 damage)
             ... on level 4 of the Dungeon.
             The game lasted 00:05:43 (3299 turns).

Borgoz the Slasher (Ghoul Gladiator)                Turns: 3299, Time: 00:05:44

Health: -1/52      AC:  7    Str: 24    XL:     6   Next: 87%
Magic:  5/5        EV: 12    Int:  3    God:    Okawaru [......]
Gold:   352        SH:  3    Dex: 12    Spells: 5/5 levels left

rFire    . . .     SeeInvis .   a - +1 long sword
rCold    + . .     Faith    .   m - +0 buckler
rNeg     + + +     Spirit   .   i - +0 ring mail
rPois    ∞         Reflect  .   c - +1 helmet
rElec    .         Harm     .   (no cloak)
rCorr    .         Rampage  .   (no gloves)
Will     .....                  (no boots)
Stlth    +.........             (no amulet)
HPRegen  0.00/turn              k - +6 ring of strength
MPRegen  0.09/turn              (no ring)

@: no status effects
A: claws 1, cold resistance 1, negative energy resistance 3, inhibited
regeneration, torment resistance, unbreathing
a: Renounce Religion


You were on level 4 of the Dungeon.
You worshipped Okawaru.
Okawaru was noncommittal.
You visited 2 branches of the dungeon, and saw 5 of its levels.

You collected 352 gold pieces.

Inventory:

Hand Weapons
 a - a +1 long sword (weapon)
Missiles
 d - a throwing net (quivered)
Armour
 c - a +1 helmet (worn)
 i - a +0 ring mail (worn)
 m - a +0 buckler (worn)
Jewellery
 k - a +6 ring of strength (left claw)
Wands
 b - a wand of flame (23)
Scrolls
 e - a scroll of remove curse
 o - 2 scrolls of teleportation
 q - a scroll of enchant armour
Potions
 f - 2 potions of degeneration {unknown}
 g - 4 potions of brilliance {unknown}
 h - 5 potions of heal wounds
 j - a potion of lignification {unknown}
 l - a potion of haste
 n - 4 potions of might
 p - a potion of invisibility {unknown}
 r - a potion of mutation {unknown}


   Skills:
 + Level 3.7 Fighting
 + Level 0.0(2.6) Short Blades
 - Level 4.4 Long Blades
 - Level 1.7 Throwing
 + Level 2.2 Armour
 + Level 4.4 Dodging
 + Level 0.0 Invocations


You had 5 spell levels left.
You didn't know any spells.
Your spell library contained the following spells:

 Spells                   Type           Power        Failure   Level
 Animate Skeleton         Necr           0%           85%         1
 Apportation              Tloc           0%           85%         1
 Corona                   Hex            0%           85%         1
 Foxfire                  Conj/Fire      0%           85%         1
 Pain                     Necr           0%           85%         1
 Summon Small Mammal      Summ           0%           85%         1
 Call Imp                 Summ           0%           94%         2
 Call Canine Familiar     Summ           0%           99%         3
 Conjure Flame            Conj/Fire      0%           99%         3
 Inner Flame              Hex/Fire       0%           99%         3
 Summon Guardian Golem    Hex/Summ       0%           99%         3
 Vampiric Draining        Necr           0%           99%         3
 Animate Dead             Necr           0%           100%        4
 Sticky Flame             Conj/Fire      0%           100%        4
 Summon Ice Beast         Ice/Summ       0%           100%        4
 Summon Lightning Spire   Summ/Air       0%           100%        4
 Agony                    Necr           0%           100%        5
 Fireball                 Conj/Fire      0%           100%        5


Dungeon Overview and Level Annotations

Branches:
Dungeon (4/15)             Temple (1/1) D:4

Altars:
Hepliaklqana
Kikubaaqudgha
Makhleb
Okawaru
Qazlal
Sif Muna
Trog
Uskayaw
Vehumet
Wu Jian
Xom
Yredelemnul
Zin

Annotations:
D:4 Ijyb


Innate Abilities, Weirdness & Mutations

You thrive by killing the living.
You are immune to poison.
You have sharp fingernails.
Your flesh is cold resistant. (rC+)
You are immune to negative energy. (rN+++)
You do not regenerate when monsters are visible.
You are immune to unholy pain and torment.
You can survive without breathing.


Message History

As you read the scroll labelled TYEZOU UNEVY, it crumbles to dust.
The dust glows mottled beige!
It was a scroll of random uselessness.
Found a bloodstained altar of Trog.
Found 15 gold pieces.
Found a hardcover book.
You pick up a book of Necromancy and begin reading...
You add the spells Pain, Vampiric Draining, Animate Dead and Agony to your library.
Found 27 sling bullets.
You hear the quick rusting of a distant drain.
You now have 352 gold pieces (gained 15).
Ijyb the Twisted Goblin comes into view.
She is wielding a +5 club and carrying a wand of acid (7).
Ijyb shouts!
Ijyb moves out of view.
Ijyb screams, "It's all mine!"
Ijyb zaps a wand.
The bolt of acid hits you!!
You are splashed with acid!
Ijyb screams, "Me kill you!"
Ijyb zaps a wand.
The bolt of acid hits you!
* * * LOW HITPOINT WARNING * * *
You are splashed with acid!
You die...

>.8...#.....###...#....#
#<#
....#.$.##..###.......##
#.#
8.#...####..#.......###
#.# ....### #..#.###...#
#.# .#.## #..#. #...#
#.# ...# #..# #...# #.#
#..# #..#.###...# #<.
...# #.....g....# ##.
.#.# ###.^.@.### ...
####..# #.... #.#### #.#
..# #.# ##.


You could see Ijyb.

Vanquished Creatures
  An ogre (D:2)
  The ghost of denisd0 the Firebug, an amateur OpFE (D:3)
  Blork the orc (D:4)
  Jessica (D:2)
  3 adders
  A shadow imp (D:3)
  An ooze (D:1)
  A worm (D:2)
  2 dart slugs (D:1)
  4 leopard geckos
  11 orcs
  5 giant cockroaches (D:1)
  14 goblins
  7 hobgoblins
  7 jackals (D:2)
  A ball python (D:3)
  8 bats
  5 frilled lizards
  12 kobolds
  7 rats
93 creatures vanquished.

Notes
Turn   | Place    | Note
-------+----------+-------------------------------------------
     0 | D:1      | Borgoz the Ghoul Gladiator began the quest for the Orb.
     0 | D:1      | Reached XP level 1. HP: 17/17 MP: 0/0
    83 | D:1      | Reached XP level 2. HP: 24/24 MP: 1/1
   240 | D:1      | Reached XP level 3. HP: 18/30 MP: 2/2
   646 | D:1      | Reached skill level 1 in Armour
   939 | D:2      | Noticed an ogre
   955 | D:2      | Killed an ogre
   956 | D:2      | Reached XP level 4. HP: 20/38 MP: 3/3
   956 | D:2      | Reached XP level 5. HP: 23/45 MP: 4/4
  1545 | D:2      | Noticed Jessica
  1559 | D:2      | Killed Jessica
  2052 | D:3      | Noticed denisd0's ghost (amateur OpFE)
  2054 | D:3      | Found a runed translucent door.
  2078 | D:3      | Found a hide-covered altar of Uskayaw.
  2286 | D:3      | Found a bloodstained altar of Trog.
  2489 | D:3      | Reached XP level 6. HP: 51/51 MP: 5/5
  2536 | D:3      | Found a shimmering blue altar of Sif Muna.
  2732 | D:3      | Killed denisd0's ghost
  2859 | D:4      | Noticed Blork the orc
  2872 | D:4      | Killed Blork the orc
  2984 | D:4      | Found a staircase to the Ecumenical Temple.
  2993 | Temple   | Entered the Ecumenical Temple
  3193 | Temple   | Became a worshipper of Warmaster Okawaru
  3254 | D:4      | Found a bloodstained altar of Trog.
  3296 | D:4      | Noticed Ijyb
  3299 | D:4      | Splashed by Ijyb's acid

Illustrated notes

Levels and vault maps discovered:
D:1:      lightli_arrival_windingriver, layout_rooms
D:2:      layout_loops_corners, uniq_jessica
D:3:      layout_loops_ring, lemuel_coloured_pillars_altar, lemuel_doored_altar,
          marbit_many_paths, hellmonk_ghost_happy_afterlife,
          kennysheep_generic_room_6
D:4:      layout_loops_ring, minmay_temple_entry_sparse_star,
          gup_sewer_entry_bowl, trog_three_pillars_becter, uniq_duvessa,
          uniq_blork_the_orc, uniq_menkaure, uniq_ijyb
Temple:   jpeg_temple_alley_garden

Skill      XL: |  1  2  3  4  5  6 |
---------------+-------------------+-----
Dodging        | 3 4 |  4.4
Long Blades    | 3 4 |  4.4
Armour         | 1 2 |  2.2
Fighting       | 3 |  3.7
Throwing       | |  1.7

Action                   |  1- 3 |  4- 6 || total
-------------------------+-------+-------++-------
Melee: Long sword        |   100 |   126 ||   226
Throw: Throwing net      |     3 |       ||     3
  Use: Scroll            |     1 |     7 ||     8
       Potion            |       |     3 ||     3
 Stab: Held in net/web   |     1 |       ||     1
Armor: Leather armour    |    35 |    15 ||    50
       Ring mail         |       |    28 ||    28
Dodge: Dodged            |    56 |    83 ||   139
Block: Buckler           |     3 |    17 ||    20
       Rpst.: Long sword |    21 |    31 ||    52
